 Dungeon Crawl Stone Soup version 0.24-a0-184-gcb5ae2c (webtiles) character file.

Game seed: 10823751820677357892

12037 Kurtz the Basher (level 11, -15/80 HPs)
             Began as a Mummy Chaos Knight on Mar 15, 2019.
             Was a Plaything of Xom.
             Killed from afar by a fire dragon (39 damage)
             ... with a blast of flame
             ... on level 11 of the Dungeon.
             The game lasted 00:18:44 (12918 turns).

Kurtz the Basher (Mummy Chaos Knight)              Turns: 12918, Time: 00:18:45

Health: -15/80     AC: 11    Str: 16    XL:     11   Next: 57%
Magic:  0/11       EV: 13    Int: 12    God:    Xom [......]
Gold:   731        SH:  5    Dex: 18    Spells: 10/10 levels left

rFire    . . .     SeeInvis .   i - +5 flail (freeze)
rCold    + + .     Gourm    .   y - +0 buckler (curse)
rNeg     + + +     Faith    .   x - +2 ring mail {rC+}
rPois    ∞         Spirit   +   n - +0 helmet
rElec    .         Reflect  .   (no cloak)
rCorr    .         Harm     .   u - +0 pair of gloves
MR       +....                  e - +0 pair of boots
Stlth    +.........             q - amulet of guardian spirit
HPRegen  0.23/turn              j - +4 ring of dexterity
MPRegen  0.12/turn              C - ring of protection from fire

@: no status effects
A: no food or potions, fire vulnerability, cold resistance 1, negative energy
resistance 3, torment resistance, unbreathing
a: Renounce Religion


You were on level 11 of the Dungeon.
You worshipped Xom.
You were a very special plaything of Xom.
You were not hungry.

You visited 1 branch of the dungeon, and saw 11 of its levels.
You also visited: Sewer.

You collected 731 gold pieces.

Inventory:

Hand Weapons
 a - a +0 hand axe of chaos
 i - a +5 flail of freezing (weapon)
Missiles
 s - 5 curare-tipped needles
Armour
 b - a +2 leather armour
 e - a +0 pair of boots (worn)
 k - a +0 chain mail
 n - a +0 helmet (worn)
 u - a +0 pair of gloves (worn)
 x - a +2 ring mail of cold resistance (worn)
 y - a cursed +0 buckler (worn)
 z - a +0 plate armour
Jewellery
 j - a +4 ring of dexterity (left hand)
 p - an uncursed ring of resist corrosion
 q - an amulet of guardian spirit (around neck)
 v - an uncursed ring of see invisible
 A - a +3 ring of dexterity
 C - a ring of protection from fire (right hand)
 D - an uncursed ring of protection from magic
 E - an uncursed ring of protection from magic
 G - an uncursed ring of protection from fire
Wands
 c - a wand of flame (11)
 H - a wand of random effects (8)
Scrolls
 d - 5 scrolls of remove curse
 f - 4 scrolls of fog
 g - a scroll of enchant weapon
 h - 2 scrolls of enchant armour
 l - 2 scrolls of teleportation
 m - 2 scrolls of identify
 o - 4 scrolls of amnesia
 r - 2 scrolls of immolation
 B - 4 scrolls of magic mapping
 F - a scroll of random uselessness


   Skills:
 * Level 5.5 Fighting
 - Level 8.5(10.8) Axes
 * Level 10.8(11.9) Maces & Flails
 * Level 4.7 Armour
 + Level 3.9 Dodging
 * Level 2.9 Shields


You had 10 spell levels left.
You didn't know any spells.
Your spell library contained the following spells:

 Spells                   Type           Power        Failure   Level  Hunger
 Confusing Touch          Hex            #.....       56%         1    N/A
 Shock                    Conj/Air       #...         56%         1    N/A
 Swiftness                Chrm/Air       #.......     71%         2    N/A
 Confuse                  Hex            #.......     90%         3    N/A
 Gell's Gravitas          Tloc           #.........   90%         3    N/A
 Static Discharge         Conj/Air       #.......     90%         3    N/A
 Airstrike                Air            #.........   100%        4    N/A
 Petrify                  Tmut/Erth      #.......     100%        4    N/A
 Lightning Bolt           Conj/Air       #.........   100%        5    N/A
 Metabolic Englaciation   Hex/Ice        #.........   100%        5    N/A
 Yara's Violent Unravell  Hex/Tmut       #.........   100%        5    N/A

Dungeon Overview and Level Annotations

Branches:
Dungeon (11/15)            Temple (0/1) D:5             Orc (0/2) D:9
   Lair: D:8-11

Altars:
Hepliaklqana
Kikubaaqudgha
Nemelex Xobeh
Okawaru
Ru
Sif Muna
Uskayaw
Vehumet
Xom
Zin

Shops:
D:9 (

Annotations:
D:6 1 runed translucent door, Crazy Yiuf
D:7 3 runed translucent doors, octopodefightclub's ghost, novice OpHu
D:10 1 runed translucent door


Innate Abilities, Weirdness & Mutations

You do not eat or drink.
Your flesh is vulnerable to fire.
You are immune to poison.
Your flesh is cold resistant. (rC+)
You are immune to negative energy. (rN+++)
You are immune to unholy pain and torment.
You can survive without breathing.


Message History

Unknown command.
Your crimson imp completely misses the fire dragon.
The eight-headed hydra roars!
The fire dragon bites your crimson imp!
Your crimson imp dies!
Unknown command.
Aiming: Random Effects
Press: ? - help, Shift-Dir - straight line, f/p - fire dragon
Aim: a fire dragon (almost dead)
The fire dragon flickers and vanishes!
Deactivating autopickup; reactivate with Ctrl-A.
Aiming: Random Effects
Press: ? - help, Shift-Dir - straight line, f - eight-headed hydra
Aim: an eight-headed hydra The eight-headed hydra resists with almost no effort.
You hear a roar.
A blast of flame appears from out of thin air!
The blast of flame hits you!!!
You die...
Xom guffaws!

# #### .## ##..##########
#.### #.###.##.55......# .....
....5..#..#{....## .(....
.#..55.5.###....# ......
...5..#5##(##...## #.... .
....4...4#.#.....### ..... #
......#.##.##.#....######.#...
# .....####. .####@.....[..#
#..# # ....##%..
..(##.......## #..## #..##
###. .### ##...##.## #..#
#.##$# #.# #)##D.###.# #...
...#=# #.# #.#.!..##†## #..
#.##.# . . #.##.#..##.## #..
### .# #. .####..#..####.. $..
.. .. ..:##.........# ###. #.
.# .####..........#


You could see an eight-headed hydra, a white imp and a friendly iron imp.

Vanquished Creatures
  An ogre mage (D:11)
  A two-headed ogre (D:8)
  A manticore (D:8)
  A centaur zombie (D:11)
  2 kobold demonologists (D:10)
  5 trolls
  A jumping spider (shapeshifter) (D:3)
  A meliai zombie (D:11)
  A spriggan (D:8)
  8 yaks
  A wyvern (D:9)
  Grum (D:8)
  2 hungry ghosts (D:10)
  3 porcupines (D:11)
  2 ice beasts (D:9)
  An orc warrior (D:6)
  A black bear (D:7)
  2 slaves (D:7)
  A tengu (D:8)
  A necrophage (D:7)
  6 ogres
  An eye of draining (D:10)
  3 wolves
  A crocodile (D:11)
  4 centaurs
  7 bullfrogs
  6 big kobolds
  5 gnoll sergeants
  5 scorpions
  6 killer bees (D:10)
  4 wights (D:6)
  A howler monkey (D:5)
  3 crimson imps
  3 bullfrog zombies
  2 quasits
  9 hounds
  A centaur skeleton (D:6)
  An iron imp (D:4)
  A jelly (D:10)
  2 orc priests
  2 bullfrog skeletons
  5 orc wizards
  Jessica (D:3)
  An iguana (D:9)
  6 worker ants
  Ijyb (D:4)
  A hound zombie (D:8)
  A howler monkey zombie (D:6)
  Robin (D:2)
  7 gnolls
  2 howler monkey skeletons
  14 adders
  A river rat (D:5)
  An adder zombie (D:8)
  3 worms
  3 dart slugs
  3 leopard geckos
  23 orcs
  3 ball pythons (Sewer)
  13 giant cockroaches
  19 goblins
  10 hobgoblins
  21 jackals
  10 kobolds
  4 quokkas
  14 bats
  4 frilled lizards
  A leopard gecko skeleton (D:4)
  A quokka skeleton (D:4)
  8 rats
292 creatures vanquished.

Vanquished Creatures (collateral kills)
  A wolf spider (shapeshifter) (D:2)
  4 yaks
  Menkaure (D:4)
  A sky beast (D:10)
  A big kobold (D:11)
  An orc (D:4)
  A hobgoblin (D:2)
10 creatures vanquished.

Vanquished Creatures (others)
  A yaktaur (D:9)
  An adder (D:3)
  4 fungi (D:11)
  5 plants (D:11)
11 creatures vanquished.

Grand Total: 313 creatures vanquished

Notes
Turn   | Place    | Note
-------+----------+-------------------------------------------
     0 | D:1      | Kurtz the Mummy Chaos Knight began the quest for the Orb.
     0 | D:1      | Reached XP level 1. HP: 18/18 MP: 1/1
    64 | D:1      | Reached XP level 2. HP: 22/24 MP: 2/2
   352 | D:1      | You fall through a shaft!
   414 | D:2      | Noticed Sigmund
   568 | D:1      | Reached XP level 3. HP: 21/29 MP: 3/3
   736 | D:1      | XOM: harmless Ice miscast
   831 | D:2      | Noticed Robin
   900 | D:1      | XOM: silly message
   982 | D:2      | Killed Robin
   982 | D:2      | Reached XP level 4. HP: 30/35 MP: 4/4
  1061 | D:2      | XOM: polymorph bat -> adder
  1223 | D:2      | Noticed Sigmund
  1223 | D:2      | Sigmund changed into Sigmund the jelly
  1243 | D:2      | XOM: swap monsters
  1263 | D:2      | XOM: summons 2 hostile demons
  1264 | D:2      | Noticed Sigmund
  1264 | D:2      | Sigmund the jelly changed into Sigmund the shapeshifter
  1264 | D:2      | Noticed Sigmund
  1264 | D:2      | Sigmund the shapeshifter changed into Sigmund the eye of
                  | devastation
  1266 | D:2      | Noticed Sigmund
  1266 | D:2      | Sigmund the eye of devastation changed into Sigmund the sea
                  | snake
  1271 | D:2      | You fall through a shaft for 2 floors!
  1330 | D:4      | XOM: confusion
  1334 | D:4      | XOM: chaos cloud
  1404 | D:4      | Reached XP level 5. HP: 34/41 MP: 5/5
  1407 | D:4      | XOM: 8-stop teleportation journey
  1495 | D:4      | Reached skill level 5 in Axes
  1508 | D:4      | Noticed Ijyb
  1525 | D:4      | Killed Ijyb
  1739 | D:4      | Reached XP level 6. HP: 36/47 MP: 4/6
  1799 | D:4      | Found a shimmering altar of Xom.
  1814 | D:4      | XOM: noise
  1937 | D:4      | XOM: god gift: jewelled iron wand {god gift}
  2091 | D:4      | XOM: summons friendly white imp
  2373 | D:4      | XOM: smoke on damage
  2382 | D:4      | Noticed Menkaure
  2386 | D:4      | Killed Menkaure
  2386 | D:4      | Reached XP level 7. HP: 41/52 MP: 5/7
  2467 | D:3      | XOM: noise
  2585 | D:3      | XOM: divination: detect creatures
  2614 | D:3      | XOM: god gift: ring of see invisible {god gift}
  2748 | D:3      | XOM: swap monsters
  2885 | D:3      | Noticed a shapeshifter
  2885 | D:3      | a giant cockroach changed into a shapeshifter
  2885 | D:3      | XOM: destruction
  2885 | D:3      | Noticed a polar bear
  2885 | D:3      | a shapeshifter changed into a polar bear
  2887 | D:3      | Noticed a jumping spider
  2887 | D:3      | a polar bear changed into a jumping spider
  2889 | D:3      | XOM: mild Hex miscast
  2890 | D:3      | Killed a jumping spider
  2970 | D:3      | Found a faded altar of an unknown god.
  3047 | D:3      | XOM: mild Summ miscast
  3080 | D:3      | Noticed Jessica
  3090 | D:3      | Killed Jessica
  3335 | D:5      | Entered Level 5 of the Dungeon
  3465 | D:5      | Found a hide-covered altar of Uskayaw.
  3605 | D:5      | Found a staircase to the Ecumenical Temple.
  3916 | D:5      | XOM: medium Tloc miscast
  4038 | D:6      | XOM: noise
  4253 | D:6      | Reached XP level 8. HP: 50/58 MP: 8/8
  4265 | D:6      | XOM: harmless Necr miscast
  4286 | D:6      | XOM: harmless Air miscast
  4349 | D:6      | XOM: cast spell 'Alistair's Intoxication'
  4403 | D:6      | Reached skill level 1 in Maces & Flails
  4462 | D:6      | Found a glowing drain.
  4490 | Sewer    | Entered a sewer
  4674 | Sewer    | XOM: snakes to sticks
  4712 | Sewer    | Reached skill level 2 in Maces & Flails
  4763 | Sewer    | Reached skill level 3 in Maces & Flails
  5010 | D:6      | Found a runed translucent door.
  5011 | D:6      | Noticed Crazy Yiuf
  5051 | D:6      | Reached skill level 1 in Dodging
  5093 | D:6      | XOM: noise
  5141 | D:6      | Reached skill level 4 in Maces & Flails
  5211 | D:6      | XOM: severe Air miscast
  5491 | D:6      | XOM: 3-stop teleportation journey
  5921 | D:2      | Noticed Sigmund
  5922 | D:2      | XOM: cast spell 'Monstrous Menagerie'
  5925 | D:2      | Killed Sigmund the wolf spider
  5925 | D:2      | Reached skill level 5 in Maces & Flails
  5925 | D:2      | Reached XP level 9. HP: 63/63 MP: 9/9
  6318 | D:7      | Found a sacrificial altar of Ru.
  6318 | D:7      | Found a glowing silver altar of Zin.
  6319 | D:7      | Found an iron altar of Okawaru.
  6336 | D:7      | Found a runed translucent gate.
  6336 | D:7      | Found a runed translucent gate.
  6336 | D:7      | Noticed octopodefightclub's ghost (novice OpHu)
  6337 | D:7      | Found a runed translucent gate.
  6337 | D:7      | Identified the +9 dagger of Experimentation {pain, Int+4}
  6358 | D:7      | XOM: mild Ice miscast
  6432 | D:7      | XOM: repel stairs
  6477 | D:7      | Reached skill level 6 in Maces & Flails
  6533 | D:7      | Found a sparkling altar of Nemelex Xobeh.
  6665 | D:8      | Noticed Pikel
  6665 | D:8      | Noticed a two-headed ogre
  6813 | D:7      | XOM: divination: detect creatures
  7041 | D:8      | Noticed a manticore
  7045 | D:8      | Killed a manticore
  7045 | D:8      | Reached skill level 7 in Maces & Flails
  7060 | D:8      | XOM: cleaving
  7061 | D:8      | XOM: divination: magic mapping
  7067 | D:8      | XOM: noise
  7102 | D:8      | XOM: potion effect (agility)
  7111 | D:8      | Killed a two-headed ogre
  7111 | D:8      | Reached skill level 8 in Maces & Flails
  7272 | D:8      | XOM is BORED!
  7272 | D:8      | XOM: silly message
  7336 | D:8      | Noticed Grum
  7442 | D:9      | XOM: harmless Ice miscast
  7465 | D:9      | Reached XP level 10. HP: 62/70 MP: 10/10
  7473 | D:9      | XOM: potion effect (curing)
  7728 | D:8      | Killed Grum
  7728 | D:8      | Reached skill level 9 in Maces & Flails
  7842 | D:8      | XOM: potion effect (might)
  7843 | D:8      | XOM: mild Chrm miscast
  7845 | D:8      | Noticed Pikel
  7845 | D:8      | Pikel changed into Pikel the tengu
  7848 | D:8      | Killed Pikel the tengu
  8077 | D:8      | XOM: harmless Erth miscast
  8105 | D:8      | XOM: divination: detect items
  8150 | D:8      | XOM: god gift: scroll of enchant weapon
  8171 | D:9      | Found a hazy altar of Hepliaklqana.
  8432 | D:9      | XOM: scenery: create altars
  8553 | D:9      | XOM: cast spell 'Summon Horrible Things'
  8595 | D:9      | XOM: enchant monster (good)
  8595 | D:9      | Reached skill level 1 in Shields
  8597 | D:9      | XOM: polymorph yak -> yaktaur
  8712 | D:9      | XOM: 3-stop teleportation journey
  8905 | D:9      | Found a deep blue altar of Sif Muna.
  8905 | D:9      | Found an ancient bone altar of Kikubaaqudgha.
  8907 | D:9      | Found a radiant altar of Vehumet.
  8911 | D:9      | Identified Sif Muna's Incunabulum of Bewitchment
  8954 | D:9      | Found Qijerar's Antique Weapon Boutique.
  9121 | D:8      | XOM: scenery: create altars
  9180 | D:9      | Found a staircase to the Orcish Mines.
  9186 | D:9      | XOM: enchant monster (bad)
  9539 | D:8      | Reached skill level 10 in Maces & Flails
  9700 | D:9      | XOM is BORED!
  9700 | D:9      | XOM: noise
  9937 | D:10     | Entered Level 10 of the Dungeon
  9939 | D:10     | XOM: summons 10 friendly demons
  9955 | D:10     | Reached XP level 11. HP: 75/78 MP: 9/11
 10002 | D:10     | Found a huge runed translucent gate.
 10207 | D:9      | XOM: god gift: scroll of fog
 10251 | D:9      | XOM: scenery: 2 doors close
 10488 | D:10     | XOM: enchant monster (bad)
 10948 | D:10     | XOM: polymorph manticore -> tarantella
 11220 | D:9      | XOM: mild Pois miscast
 11361 | D:11     | XOM is BORED!
 11361 | D:11     | XOM: medium Air miscast
 11796 | D:10     | Reached skill level 5 in Fighting
 12129 | D:11     | Noticed an ogre mage
 12143 | D:11     | XOM: cleaving
 12146 | D:11     | XOM: fake destruction
 12150 | D:11     | Killed an ogre mage
 12491 | D:11     | XOM: cloud trail
 12505 | D:11     | XOM: harmless Air miscast
 12508 | D:11     | XOM: chaos cloud
 12746 | D:11     | Noticed an eight-headed hydra
 12749 | D:11     | XOM: silly message
 12760 | D:11     | XOM: swap monsters
 12789 | D:11     | Noticed a fire dragon
 12894 | D:11     | XOM: summons 11 friendly demons
 12918 | D:11     | Killed from afar by a fire dragon

Levels and vault maps discovered:
D:1:      lightli_arrival_flooded_house, layout_basic, hangedman_decor_growths,
          minmay_hexomino_f4
D:2:      layout_rooms, first_ration, st_stairs_11, minmay_misc_feat_doors,
          uniq_robin, uniq_sigmund
D:3:      layout_basic, chequers_ecumenical_altar_lobes, uniq_jessica
D:4:      layout_loops_corners, tgw_xom, uniq_ijyb, uniq_menkaure
D:5:      layout_layer_cave, eat_drink_and_be_merry_uskayaw,
          minmay_temple_entry_water_ring
D:6:      layout_loops_corners, cheibrodos_sewer_entry_drain,
          uniq_crazy_yiuf_cottage
D:7:      layout_rooms, nicolae_overflow_hidden_temple, lemuel_crystal_altar,
          gammafunk_ghost_nasty_kobolds
D:8:      layout_loops_ring, the_bakery, uniq_grum, uniq_pikel
D:9:      layout_roguey, grunt_temple_overflow_magic_moments,
          overflow_temple_1_default, kennysheep_orc_monster_closet_entryway,
          serial_shops, shop_fountains, kennysheep_generic_room_14
D:10:     lemuel_bear_cage, layout_irregular_city
D:11:     layout_layer_cave, minmay_lair_entry_grove, grunt_decor_one_mirror,
          minmay_fractal_squares_gapless_7
Sewer:    sewer_frog_island_01

Skill      XL: |  1  2  3  4  5  6  7  8  9 10 11 |
---------------+----------------------------------+-----
Axes           | 3 4 5 6 8 |  8.5
Maces & Flails | 5 8 10 | 10.8
Dodging        | 1 2 3 |  3.9
Armour         | 3 4 |  4.7
Shields        | 1 2 |  2.9
Fighting       | 4 5 |  5.5

Action                   |  1- 3 |  4- 6 |  7- 9 | 10-12 || total
-------------------------+-------+-------+-------+-------++-------
Melee: Hand axe          |   125 |   168 |    88 |       ||   381
       Flail             |       |       |   218 |   449 ||   667
Throw: Throwing net      |       |       |       |     1 ||     1
Evoke: Wand              |       |     3 |    13 |    21 ||    37
  Use: Scroll            |       |       |    11 |     5 ||    16
 Stab: Confused          |     1 |       |       |       ||     1
       Petrified         |     1 |       |       |       ||     1
       Sleeping          |       |     1 |       |       ||     1
Armor: Leather armour    |    45 |       |       |       ||    45
       Chain mail        |    35 |    88 |    25 |       ||   148
       Ring mail         |       |       |   128 |   185 ||   313
Dodge: Dodged            |    85 |    76 |   176 |   255 ||   592
Block: Buckler           |       |       |       |   101 ||   101

Table legend:
 A = Non-vault XP
 B = Vault XP
 C = Vault XP percentage of total XP
 D = Non-vault monster count
 E = Vault monster count
 F = Vault count percentage of total count
                 A         B        C        D         E       F
            +---------+---------+-------+---------+---------+-------
      Total |   11467 |    5730 |  33.3 |     218 |      82 |  27.3
            +---------+---------+-------+---------+---------+-------
        D:1 |      43 |      22 |  33.8 |      22 |      11 |  33.3
        D:2 |      72 |     544 |  88.3 |      19 |       9 |  32.1
        D:3 |     215 |      37 |  14.7 |      14 |       1 |   6.7
        D:4 |     304 |     314 |  50.8 |      20 |       8 |  28.6
        D:5 |     179 |       0 |   0.0 |      10 |       0 |   0.0
        D:6 |     862 |       3 |   0.3 |      17 |       2 |  10.5
        D:7 |     563 |       0 |   0.0 |      18 |       0 |   0.0
        D:8 |    1991 |    1338 |  40.2 |      22 |      11 |  33.3
        D:9 |    2749 |     991 |  26.5 |      28 |      16 |  36.4
       D:10 |    3064 |       0 |   0.0 |      30 |       0 |   0.0
       D:11 |    1425 |    2219 |  60.9 |      18 |       7 |  28.0
      Sewer |       0 |     262 | 100.0 |       0 |      17 | 100.0
            +---------+---------+-------+---------+---------+-------
